 Dungeon Crawl Stone Soup version 0.21-a0-344-g2144152 (webtiles) character file.

10262 Amnesiac the Destroyer (level 11, 0/82 HPs)
             Began as a Gnoll Conjurer on Oct 4, 2017.
             Was a Believer of Ashenzari.
             Slain by a wight
             ... wielding a +2 battleaxe
              (8 damage)
             ... while paralysed by a wight
             ... on level 11 of the Dungeon.
             The game lasted 00:23:54 (11155 turns).

Amnesiac the Destroyer (Gnoll Conjurer)            Turns: 11155, Time: 00:23:54

Health: 0/82       AC: 12    Str: 16    XL:     11   Next: 59%
Magic:  8/23       EV:  2    Int: 25    God:    Ashenzari [**....]
Gold:   657        SH:  0    Dex: 15    Spells: 15/26 levels left

rFire    . . .     SeeInvis .   E - +3 quarterstaff (chaos)
rCold    . . .     Gourm    +   (shield currently unavailable)
rNeg     . . .     Faith    .   P - +3 leather armour of Secan {MR- Str+4 Int+2}
rPois    .         Spirit   .   n - +0 helmet
rElec    .         Reflect  .   C - +1 cloak
rCorr    .         Harm     .   L - +0 pair of gloves
MR       .....                  l - +0 pair of boots
Stlth    +++.......             w - amulet of the gourmand
HPRegen  0.23/turn              B - +4 ring of evasion
MPRegen  0.18/turn              a - +3 ring of intelligence

@: paralysed, lethally poisoned (0 -> -1), heavily drained
A: distributed training, fangs 1, strong nose
a: Curse Item, Scrying, Renounce Religion


You were on level 11 of the Dungeon.
You worshipped Ashenzari.
Ashenzari was pleased with you.
You were full.

You visited 2 branches of the dungeon, and saw 12 of its levels.

You collected 657 gold pieces.

Inventory:

Hand Weapons
 b - a +0 blowgun
 i - a +0 dagger
 E - a +3 quarterstaff of chaos (weapon)
Missiles
 o - 54 poisoned needles
 N - a throwing net
Armour
 l - a +0 pair of boots (worn)
 n - a +0 helmet (worn)
 C - a +1 cloak (worn)
 K - a +0 large shield
 L - a +0 pair of gloves (worn)
 P - the +3 leather armour of Secan (worn) {MR- Str+4 Int+2}
   (You found it on level 7 of the Dungeon)

   It affects your strength (+4).
   It affects your intelligence (+2).
   It affects your resistance to hostile enchantments.
Jewellery
 a - a +3 ring of intelligence (right hand)
 w - an amulet of the gourmand (around neck)
 A - an uncursed ring of poison resistance
 B - a +4 ring of evasion (left hand)
Wands
 I - a wand of random effects (19/48)
Scrolls
 e - 6 scrolls of teleportation {!r}
 f - a scroll of fog {!r}
 j - 5 scrolls of enchant armour {!r}
 p - 4 scrolls of enchant weapon {!r}
 q - 4 scrolls of remove curse {!r}
 r - 2 scrolls of recharging {!r}
 y - a scroll of amnesia {!r, unknown}
 D - a scroll of fear {!r}
 F - 2 scrolls of identify {!r}
 G - 3 scrolls of blinking {!r}
 O - 2 scrolls of vulnerability {!r}
Potions
 d - 2 potions of haste {!q}
 g - a potion of might {!q, unknown}
 k - 3 potions of agility {!q, unknown}
 t - a potion of flight {!q}
 u - 2 potions of brilliance {!q}
 v - 3 potions of degeneration {!q, unknown}
 x - 2 potions of berserk rage {!q, unknown}
 J - 3 potions of curing {!q, unknown}
 M - 2 potions of heal wounds {!q}
Books
 h - a book of Changes

   Spells                             Type                      Level
   a - Beastly Appendage              Transmutation                1
   b - Sticks to Snakes               Transmutation                2
   c - Spider Form                    Transmutation/Poison         3
   d - Ice Form                       Ice/Transmutation            4
   e - Blade Hands                    Transmutation                5
Miscellaneous
 H - a fan of gales
Comestibles
 c - 12 bread rations
 m - 5 royal jellies
 s - 6 meat rations
 z - 11 fruits
 Q - 5 chunks of flesh


   Skills:
 + Level 6.3(4.6) Fighting
 + Level 6.3(4.6) Short Blades
 + Level 6.3(4.6) Long Blades
 + Level 6.3(4.6) Axes
 + Level 6.3(4.6) Maces & Flails
 + Level 6.3(4.6) Polearms
 + Level 6.3(4.6) Staves
 + Level 6.3(4.6) Slings
 + Level 6.3(4.6) Bows
 + Level 6.3(4.6) Crossbows
 + Level 6.3(4.6) Throwing
 + Level 6.3(4.6) Armour
 + Level 7.9(6.1) Dodging
 + Level 7.7(5.8) Stealth
 + Level 6.3(4.6) Shields
 + Level 6.3(4.6) Unarmed Combat
 + Level 8.1(6.3) Spellcasting
 + Level 10.5(8.6) Conjurations
 + Level 6.3(4.6) Hexes
 + Level 6.3(4.6) Charms
 + Level 6.3(4.6) Summonings
 + Level 6.3(4.6) Necromancy
 + Level 6.3(4.6) Translocations
 + Level 6.3(4.6) Transmutations
 + Level 6.3(4.6) Fire Magic
 + Level 6.3(4.6) Ice Magic
 + Level 6.3(4.6) Air Magic
 + Level 6.3(4.6) Earth Magic
 + Level 6.3(4.6) Poison Magic
 + Level 6.3(4.6) Invocations
 + Level 6.3(4.6) Evocations


You had 15 spell levels left.
You knew the following spells:

 Your Spells              Type           Power        Failure   Level  Hunger
a - Magic Dart            Conj           ####         1%          1    None
b - Sticks to Snakes      Tmut           ####....     1%          2    None
d - Force Lance           Conj/Tloc      #####...     5%          4    ###....
s - Fulminant Prism       Conj/Hex       #####.....   5%          4    ###....


Dungeon Overview and Level Annotations

Branches:
Dungeon (11/15)            Temple (1/1) D:5
   Lair: D:8-11         Orc: D:9-12

Altars:
Ashenzari
Cheibriados
Dithmenos
Elyvilon
Fedhas
Gozag
Hepliaklqana
Kikubaaqudgha
Makhleb
Nemelex Xobeh
Okawaru
Qazlal
Ru
Sif Muna
Trog
Uskayaw
Vehumet
Wu Jian
Xom
Yredelemnul
Zin
The Shining One

Shops:
D:5 !   D:7 }


Innate Abilities, Weirdness & Mutations

Your experience applies equally to all skills.
You have very sharp teeth.
Your uncanny sense of smell can sniff out nearby items.


Message History

You hit the scorpion but do no damage.
The scorpion is moving more slowly.
You feel sick.
The scorpion stings you but does no damage.
You hit the scorpion.
The scorpion appears confused.
The scorpion is moderately wounded.
You feel sick.
You thump the scorpion! You freeze the scorpion.
The scorpion is severely wounded.
You feel sick.
A wight comes into view.
Ashenzari warns you: It is wielding a hand axe and carrying a wand of paralysis (?/24).
You feel sick.
The scorpion stops moving altogether!
You see here a large rock.
The helpless scorpion fails to defend itself.
You sock the scorpion! You burn the scorpion.
You kill the scorpion!
You feel sick.
There is a stone staircase leading up here.
You feel sick.
A wight comes into view. It is wielding an enchanted battleaxe.
You sock the wight!
The wight is heavily damaged.
The wight misses you. 2 wights come into view.
Ashenzari warns you: A wight is wielding a spear of freezing.
A wight is wielding a long sword of freezing.
You hit the wight but do no damage.
The wight is heavily damaged.
You feel sick.
You hit the wight.
The wight is heavily damaged.
The wight zaps a wand.
You resist with significant effort.
You hit the wight. You bite the wight, but do no damage.
The wight is almost destroyed.
You feel sick.
The wight zaps a wand.
You suddenly lose the ability to move!
The wight hits you with a hand axe.
* * * LOW HITPOINT WARNING * * *
You feel drained.
* * * LOW HITPOINT WARNING * * *
The wight barely misses you.
You feel sick. The wight hits you with a hand axe.
* * * LOW HITPOINT WARNING * * *
You feel drained.
* * * LOW HITPOINT WARNING * * *
The wight hits you but does no damage.
The wight hits you from afar with a spear of freezing!
* * * LOW HITPOINT WARNING * * *
You feel drained.
* * * LOW HITPOINT WARNING * * *
The wight freezes you.
* * * LOW HITPOINT WARNING * * *
The wight hits you with a hand axe.
* * * LOW HITPOINT WARNING * * *
You feel drained.
* * * LOW HITPOINT WARNING * * *
The wight hits you but does no damage. The wight hits you with a hand axe.
* * * LOW HITPOINT WARNING * * *
You feel drained.
You feel sick. The wight hits you but does no damage.
The wight hits you from afar with a spear of freezing.
* * * LOW HITPOINT WARNING * * *
You feel drained. The wight freezes you.
* * * LOW HITPOINT WARNING * * *
The wight hits you with an enchanted battleaxe!
You die...

, *
##...
*∆ ,
....,
, ,
,...#
*
**#..#
#..#
#z.# *
, #zz#
#z@# *
* #.<#
*,
#.(#
#.†# +
* #..#
* ,
#..# *
* #..#
*, , *
#..#
#..# ,


You could see 4 wights.

Vanquished Creatures
  4 two-headed ogres
  The ghost of nikopol the Cleaver, a novice MiBe of Trog (D:6)
  A cyclops (D:11)
  A troll (D:10)
  Grinder (D:3)
  Sigmund (D:5)
  7 yaks
  3 hungry ghosts
  A water moccasin (D:5)
  Purgy (D:3)
  4 orc warriors
  A sky beast (D:5)
  4 ice beasts
  3 phantoms
  3 necrophages
  8 centaurs
  7 ogres
  3 bullfrogs
  A big kobold (D:9)
  4 scorpions
  4 wights
  4 howler monkeys
  5 crimson imps
  3 bullfrog zombies
  Crazy Yiuf (D:5)
  A centaur skeleton (D:5)
  2 hounds
  2 jellies
  4 orc priests
  6 orc wizards
  3 iguanas
  8 worker ants
  A killer bee zombie (D:8)
  A hound zombie (D:6)
  A hound skeleton (D:8)
  A howler monkey zombie (D:10)
  2 worker ant zombies
  10 adders
  6 shadow imps
  An ooze (D:3)
  3 worms
  3 dart slugs
  4 leopard geckos
  23 orcs
  4 giant cockroaches
  3 goblins (D:1)
  5 hobgoblins
  7 jackals
  9 kobolds
  2 quokkas
  2 ball pythons
  3 bats
  2 frilled lizards (D:5)
  A leopard gecko skeleton (D:10)
  A leopard gecko zombie (D:8)
  A quokka skeleton (D:4)
  2 rats
200 creatures vanquished.

Vanquished Creatures (others)
  A quokka (D:4)
  48 fulminant prisms
  2 fungi (D:11)
  2 plants (D:11)
53 creatures vanquished.

Grand Total: 253 creatures vanquished

Notes
Turn   | Place    | Note
-------+----------+-------------------------------------------
     0 | D:1      | Amnesiac the Gnoll Conjurer began the quest for the Orb.
     0 | D:1      | Reached XP level 1. HP: 13/13 MP: 6/6
   205 | D:2      | Reached XP level 2. HP: 17/19 MP: 1/7
   208 | D:2      | Found a basalt altar of Yredelemnul.
   675 | D:3      | Noticed an ogre
   682 | D:3      | Killed an ogre
   682 | D:3      | Reached skill level 1 in Fighting
   682 | D:3      | Reached skill level 1 in Short Blades
   682 | D:3      | Reached skill level 1 in Long Blades
   682 | D:3      | Reached skill level 1 in Axes
   682 | D:3      | Reached skill level 1 in Maces & Flails
   682 | D:3      | Reached skill level 1 in Polearms
   682 | D:3      | Reached skill level 1 in Staves
   682 | D:3      | Reached skill level 1 in Slings
   682 | D:3      | Reached skill level 1 in Bows
   682 | D:3      | Reached skill level 1 in Crossbows
   682 | D:3      | Reached skill level 1 in Throwing
   682 | D:3      | Reached skill level 1 in Armour
   682 | D:3      | Reached skill level 1 in Shields
   682 | D:3      | Reached skill level 1 in Unarmed Combat
   682 | D:3      | Reached skill level 5 in Spellcasting
   682 | D:3      | Reached skill level 1 in Hexes
   682 | D:3      | Reached skill level 1 in Charms
   682 | D:3      | Reached skill level 1 in Summonings
   682 | D:3      | Reached skill level 1 in Necromancy
   682 | D:3      | Reached skill level 1 in Translocations
   682 | D:3      | Reached skill level 1 in Transmutations
   682 | D:3      | Reached skill level 1 in Fire Magic
   682 | D:3      | Reached skill level 1 in Ice Magic
   682 | D:3      | Reached skill level 1 in Air Magic
   682 | D:3      | Reached skill level 1 in Earth Magic
   682 | D:3      | Reached skill level 1 in Poison Magic
   682 | D:3      | Reached skill level 1 in Invocations
   682 | D:3      | Reached skill level 1 in Evocations
   682 | D:3      | Reached XP level 3. HP: 26/26 MP: 0/9
   682 | D:3      | Reached XP level 4. HP: 32/32 MP: 0/11
   768 | D:4      | Learned a level 4 spell: Fulminant Prism
   832 | D:4      | Reached XP level 5. HP: 26/37 MP: 0/12
   912 | D:4      | Found a white marble altar of Elyvilon.
  1104 | D:3      | Noticed Purgy
  1113 | D:3      | Killed Purgy
  1113 | D:3      | Reached XP level 6. HP: 17/44 MP: 0/13
  1418 | D:5      | Entered Level 5 of the Dungeon
  1419 | D:5      | Found an iron altar of Okawaru.
  1442 | D:5      | Found a staircase to the Ecumenical Temple.
  1451 | Temple   | Entered the Ecumenical Temple
  1622 | Temple   | Became a worshipper of Ashenzari the Shackled
  2417 | D:2      | Reached skill level 5 in Dodging
  2494 | D:2      | Found a faded altar of an unknown god.
  2697 | D:3      | Noticed Grinder
  2709 | D:3      | Killed Grinder
  2709 | D:3      | Reached XP level 7. HP: 32/51 MP: 3/15
  3375 | D:5      | Noticed Sigmund
  3380 | D:5      | Killed Sigmund
  3380 | D:5      | Reached skill level 5 in Stealth
  3380 | D:5      | Reached skill level 9 in Conjurations
  3394 | D:5      | Found Lituply's Distillery.
  3456 | D:5      | Reached XP level 8. HP: 57/57 MP: 8/16
  3630 | D:5      | Found a runed door.
  3634 | D:5      | Noticed Crazy Yiuf
  3648 | D:5      | Killed Crazy Yiuf
  4329 | D:6      | Noticed nikopol's ghost (novice MiBe)
  4378 | D:6      | Killed nikopol's ghost
  4378 | D:6      | Reached XP level 9. HP: 35/65 MP: 0/18
  5568 | D:6      | Reached * piety under Ashenzari
  6119 | D:7      | Reached XP level 10. HP: 63/73 MP: 2/20
  6727 | D:7      | Found Hihatuj's Gadget Emporium.
  6762 | D:7      | Got the uncursed leather armour of Secan {MR- Str+4 Int+2}
  6773 | D:7      | Identified the +3 leather armour of Secan {MR- Str+4 Int+2} (You found it on level 7 of the Dungeon)
  6930 | D:7      | Found a shadowy altar of Dithmenos.
  7102 | D:8      | Noticed a two-headed ogre
  7127 | D:8      | Killed a two-headed ogre
  7127 | D:8      | Reached skill level 5 in Fighting
  7127 | D:8      | Reached skill level 5 in Short Blades
  7127 | D:8      | Reached skill level 5 in Long Blades
  7127 | D:8      | Reached skill level 5 in Axes
  7127 | D:8      | Reached skill level 5 in Maces & Flails
  7127 | D:8      | Reached skill level 5 in Polearms
  7127 | D:8      | Reached skill level 5 in Staves
  7127 | D:8      | Reached skill level 5 in Slings
  7127 | D:8      | Reached skill level 5 in Bows
  7127 | D:8      | Reached skill level 5 in Crossbows
  7127 | D:8      | Reached skill level 5 in Throwing
  7127 | D:8      | Reached skill level 5 in Armour
  7127 | D:8      | Reached skill level 5 in Shields
  7127 | D:8      | Reached skill level 5 in Unarmed Combat
  7127 | D:8      | Reached skill level 5 in Hexes
  7127 | D:8      | Reached skill level 5 in Charms
  7127 | D:8      | Reached skill level 5 in Summonings
  7127 | D:8      | Reached skill level 5 in Necromancy
  7127 | D:8      | Reached skill level 5 in Translocations
  7127 | D:8      | Reached skill level 5 in Transmutations
  7127 | D:8      | Reached skill level 5 in Fire Magic
  7127 | D:8      | Reached skill level 5 in Ice Magic
  7127 | D:8      | Reached skill level 5 in Air Magic
  7127 | D:8      | Reached skill level 5 in Earth Magic
  7127 | D:8      | Reached skill level 5 in Poison Magic
  7127 | D:8      | Reached skill level 5 in Invocations
  7127 | D:8      | Reached skill level 5 in Evocations
  7269 | D:8      | Reached skill level 10 in Conjurations
  7302 | D:8      | Learned a level 4 spell: Force Lance
  8961 | D:9      | Learned a level 2 spell: Sticks to Snakes
  8998 | D:9      | Noticed a two-headed ogre
  9004 | D:9      | Killed a two-headed ogre
  9004 | D:9      | Reached XP level 11. HP: 35/81 MP: 2/22
  9514 | D:9      | Noticed a two-headed ogre
  9525 | D:9      | Killed a two-headed ogre
  9722 | D:9      | Found a hazy altar of Hepliaklqana.
  9940 | D:9      | Found a burning altar of Makhleb.
  9998 | D:9      | Noticed a two-headed ogre
 10009 | D:9      | Killed a two-headed ogre
 10320 | D:10     | Entered Level 10 of the Dungeon
 10360 | D:10     | Reached ** piety under Ashenzari
 11105 | D:11     | Noticed a cyclops
 11117 | D:11     | Killed a cyclops
 11150 | D:11     | Paralysed by a wight for 6 turns
 11155 | D:11     | Slain by a wight

Vault maps used:
D:1:      arrival_zaba_pyramid, serial_forest, infiniplex_forest_clump_curved,
          infiniplex_forest_straight_1, infiniplex_forest_zigzag_1,
          infiniplex_forest_clump_diagonal, infiniplex_forest_clump_curved,
          infiniplex_forest_clump_diagonal, infiniplex_forest_clump_small,
          infiniplex_forest_clump_double, infiniplex_forest_straight_3
D:2:      nicolae_overflow_crystal_walls, chequers_ecumenical_altar_grove
D:3:      wad_pebble_path, uniq_grinder, uniq_purgy
D:4:      elyvilon_altar_4, first_bread
D:5:      okawaru_metal_pillars_1_2, minmay_temple_entry_junction, serial_shops,
          kennysheep_mini_moat, uniq_sigmund, uniq_crazy_yiuf_cottage
D:7:      grunt_dithmenos_shadows, serial_shops, nicolae_shop_statue_plus,
          grunt_ogre_cave
D:8:      serial_undead, serial_undead_d, serial_undead_a, serial_undead_f,
          serial_undead_e
D:9:      lemuel_round_altar, lemuel_round_altar
D:11:     grunt_lair_entry_orc_guard_hut, serial_shops, nicolae_shop_crystal,
          shop_statue, kennysheep_mini, uniq_nergalle, uniq_erica
Temple:   eino_temple_scatter_basement

Skill      XL: |  1  2  3  4  5  6  7  8  9 10 11 |
---------------+----------------------------------+-----
Fighting       | 1 2 4 5 6 |  6.3
Short Blades   | 1 2 4 5 6 |  6.3
Long Blades    | 1 2 4 5 6 |  6.3
Axes           | 1 2 4 5 6 |  6.3
Maces & Flails | 1 2 4 5 6 |  6.3
Polearms       | 1 2 4 5 6 |  6.3
Staves         | 1 2 4 5 6 |  6.3
Slings         | 1 2 4 5 6 |  6.3
Bows           | 1 2 4 5 6 |  6.3
Crossbows      | 1 2 4 5 6 |  6.3
Throwing       | 1 2 4 5 6 |  6.3
Armour         | 1 2 4 5 6 |  6.3
Shields        | 1 2 4 5 6 |  6.3
Unarmed Combat | 1 2 4 5 6 |  6.3
Spellcasting   | 5 6 7 8 |  8.1
Hexes          | 1 2 4 5 6 |  6.3
Charms         | 1 2 4 5 6 |  6.3
Summonings     | 1 2 4 5 6 |  6.3
Necromancy     | 1 2 4 5 6 |  6.3
Translocations | 1 2 4 5 6 |  6.3
Transmutations | 1 2 4 5 6 |  6.3
Fire Magic     | 1 2 4 5 6 |  6.3
Ice Magic      | 1 2 4 5 6 |  6.3
Air Magic      | 1 2 4 5 6 |  6.3
Earth Magic    | 1 2 4 5 6 |  6.3
Poison Magic   | 1 2 4 5 6 |  6.3
Invocations    | 1 2 4 5 6 |  6.3
Evocations     | 1 2 4 5 6 |  6.3
Dodging        | 5 6 7 |  7.9
Stealth        | 5 6 7 |  7.7
Conjurations   | 9 10 | 10.5

Action                   |  1- 3 |  4- 6 |  7- 9 | 10-12 || total
-------------------------+-------+-------+-------+-------++-------
Melee: Unarmed           |    10 |       |       |       ||    10
       Bite              |     1 |     1 |     2 |     8 ||    12
       Dagger            |       |    17 |    29 |    54 ||   100
       Quarterstaff      |       |       |       |    32 ||    32
 Cast: Magic Dart        |    37 |    87 |   250 |   330 ||   704
       Fulminant Prism   |       |     3 |    26 |    19 ||    48
       Force Lance       |       |       |       |    40 ||    40
  Use: Scroll            |       |       |     2 |    13 ||    15
       Potion            |       |       |     2 |       ||     2
 Stab: Sleeping          |       |     1 |     2 |     2 ||     5
       Distracted        |       |       |     1 |       ||     1
       Petrified         |       |       |       |     1 ||     1
  Eat: Chunk             |       |     9 |    21 |    23 ||    53
Armor: Robe              |     3 |     8 |    27 |     3 ||    41
       Leather armour    |       |       |       |    51 ||    51
Dodge: Dodged            |    11 |    27 |    82 |   153 ||   273

Table legend:
 A = Spawn XP
 B = Non-spawn XP
 C = Spawn XP percentage of total XP
 D = Spawn monster count
 E = Non-spawn monster count
 F = Spawn count percentage of total count
 G = Total turns spent on level
                    A         B        C        D         E        F      G
               +---------+---------+-------+---------+---------+-------+---------
         Total |       0 |   14661 |   0.0 |       0 |     200 |   0.0 | 11155
               +---------+---------+-------+---------+---------+-------+---------
           D:1 |       0 |      34 |   0.0 |       0 |      16 |   0.0 |  1196
           D:2 |       0 |     103 |   0.0 |       0 |      10 |   0.0 |   361
           D:3 |       0 |     554 |   0.0 |       0 |      12 |   0.0 |  1009
           D:4 |       0 |      85 |   0.0 |       0 |       8 |   0.0 |   519
           D:5 |       0 |    1671 |   0.0 |       0 |      23 |   0.0 |  1414
           D:6 |       0 |    2009 |   0.0 |       0 |      29 |   0.0 |  1208
           D:7 |       0 |     994 |   0.0 |       0 |      15 |   0.0 |  1337
           D:8 |       0 |    2393 |   0.0 |       0 |      32 |   0.0 |  1620
           D:9 |       0 |    4576 |   0.0 |       0 |      33 |   0.0 |  1466
          D:10 |       0 |    1502 |   0.0 |       0 |      18 |   0.0 |   785
          D:11 |       0 |     740 |   0.0 |       0 |       4 |   0.0 |    50
               +---------+---------+-------+---------+---------+-------+---------
